 Dungeon Crawl Stone Soup version 0.30-a0-802-gb92711bcdf (webtiles) character file.

Game seed: 1016815865365659054

104 Newt the Trooper (level 4, -2/37 HPs)
             Began as a Demonspawn Gladiator on Feb 23, 2023.
             Slain by an acid dragon (9 damage)
             ... on level 4 of the Dungeon.
             The game lasted 00:01:27 (1309 turns).

Newt the Trooper (Demonspawn Gladiator)             Turns: 1309, Time: 00:01:27

Health: -2/37      AC:  5    Str: 17    XL:     4   Next: 52%
Magic:  6/6        EV:  9    Int: 11    God:
Gold:   65         SH:  0    Dex: 14    Spells: 6/6 levels left

rFire   + + .      SeeInvis .    a - +0 rapier
rCold   x . .      Faith    .    (no shield)
rNeg    . . .      Spirit   .    g - +1 fire dragon scales
rPois   .          Reflect  .    (helmet restricted)
rElec   .          Harm     .    (no cloak)
rCorr   .          Rampage  .    (no gloves)
Will    .....                    (no boots) Stlth
                                 (no amulet)
HPRegen 0.26/turn                (no ring)
MPRegen 0.10/turn                (no ring)

@: corroded, attractive, invisible
A: horns 1, big brain 1, demonic magic 1
a: no special abilities


You were on level 4 of the Dungeon.
You visited 1 branch of the dungeon, and saw 3 of its levels.

You collected 65 gold pieces.

Inventory:

Hand Weapons
 a - a +0 rapier (weapon)
Missiles
 d - a throwing net (quivered)
 e - a javelin
Armour
 b - a +0 leather armour
 c - a +0 helmet
 g - +1 fire dragon scales (worn)
Scrolls
 h - a scroll of amnesia {unknown}
 i - a scroll of torment {unknown}
 j - a scroll of fear {unknown}


   Skills:
 - Level 4.0 Fighting
 - Level 2.6 Short Blades
 - Level 1.7 Throwing
 - Level 2.6 Dodging
 - Level 1.5 Stealth
 + Level 1.5 Spellcasting


You had 6 spell levels left.
You didn't know any spells.
Your spell library contained the following spells:

 Spells                   Type           Power      Damage    Failure   Level
 Apportation              Tloc           0%         N/A       82%         1
 Necrotise                Necr           0%         1d4       82%         1
 Summon Small Mammal      Summ           0%         N/A       82%         1
 Dazzling Flash           Conj/Hex       0%         N/A       99%         3
 Agony                    Necr           0%         N/A       100%        5
 Silence                  Hex/Air        0%         N/A       100%        5


Dungeon Overview and Level Annotations

Branches:
Dungeon (2/15)

Altars:


Innate Abilities, Weirdness & Mutations

You have a pair of small horns on your head.
You have an unusually large brain. (Int +2)
Spells you cast may paralyse adjacent enemies.


Message History

A ball python comes into view.
The ball python hisses angrily.
A ball python is nearby!
A ball python is nearby!
The ball python bites you but does no damage.
The ball python grabs you. The ball python constricts you.
You barely miss the ball python. Your headbutt misses the ball python.
The ball python bites you but does no damage.
The ball python constricts you. The ball python barely misses you.
The ball python constricts you.
You hit the ball python.
You kill the ball python!
No target in view!
You see here a ball python corpse.
A goblin comes into view. It is wielding a +0 short sword.
The goblin moves out of view.
A goblin is nearby!
You hit the goblin.
You kill the goblin!
No target in view!
No target in view!
You now have 65 gold pieces (gained 14).
Things that are here:
a +0 short sword; a goblin corpse
Found a dagger.
k - a bubbling cyan potion An acid dragon comes into view.
The acid dragon roars!
An acid dragon is nearby!
The acid dragon spits acid at you. The splash of acid hits you!!
Ouch! That really hurt!
* * * LOW HITPOINT WARNING * * *
The acid corrodes you!
It was a potion of attraction.
You feel attractive to monsters.
It was a potion of invisibility.
You fade into invisibility!
The acid dragon bites you!
You die...

#######..)##
.........##
#######..#
#########..###..
#..............#
#.##############
#.# #########.#
......D@..#
###########


You could see an acid dragon (unable to see you, catching breath).

Vanquished Creatures
  Natasha (D:2)
  An iguana (D:4)
  An adder (D:4)
  A worm (D:4)
  5 orcs (D:4)
  4 bats (D:1)
  3 endoplasms (D:1)
  2 giant cockroaches (D:1)
  4 goblins
  2 hobgoblins
  3 quokkas
  2 ball pythons
  A frilled lizard (D:1)
  A kobold (D:1)
  4 rats (D:1)
35 creatures vanquished.

Notes
Turn   | Place    | Note
-------+----------+-------------------------------------------
     0 | D:1      | Newt the Demonspawn Gladiator began the quest for the Orb.
     0 | D:1      | Reached XP level 1. HP: 16/16 MP: 1/1
   215 | D:1      | Reached skill level 1 in Stealth
   369 | D:1      | Gained mutation: You have an unusually large brain. (Int
                  | +2) [demonic ancestry]
   369 | D:1      | Reached XP level 2. HP: 20/22 MP: 2/2
   693 | D:2      | Noticed Natasha
   705 | D:2      | Killed Natasha
   706 | D:2      | Reached skill level 3 in Fighting
   706 | D:2      | Gained mutation: Spells you cast may paralyse adjacent
                  | enemies. [demonic ancestry]
   706 | D:2      | Reached XP level 3. HP: 24/29 MP: 3/3
   779 | D:2      | You fall into a shaft and drop 2 floors!
   845 | D:4      | Reached skill level 4 in Fighting
   845 | D:4      | Gained mutation: You have a pair of small horns on your
                  | head. [demonic ancestry]
   845 | D:4      | Reached XP level 4. HP: 21/37 MP: 3/5
   851 | D:4      | Reached skill level 1 in Spellcasting
  1305 | D:4      | Noticed an acid dragon
  1309 | D:4      | Slain by an acid dragon

Illustrated notes

Levels and vault maps discovered:
D:1:      matt_arrival_grand_opening, layout_basic
D:2:      layout_basic, shapermc_ecumenical_altar_notcrosses, basic_altar,
          uniq_natasha
D:4:      layout_loops_ring, gammafunk_temple_overflow_elements

Skill      XL: |  1  2  3  4 |
---------------+-------------+-----
Stealth        | 1 |  1.5
Fighting       | 3 4 |  4.0
Spellcasting   | 1 |  1.5
Short Blades   | |  2.6
Throwing       | |  1.7
Dodging        | |  2.6

Action                     |  1- 3 |  4- 6 || total
---------------------------+-------+-------++-------
  Melee: Rapier            |   104 |    19 ||   123
         Punch             |     1 |       ||     1
  Throw: Throwing net      |     2 |       ||     2
         Javelin           |     1 |       ||     1
    Use: Scroll            |     2 |       ||     2
         Potion            |       |     2 ||     2
   Stab: Held in net/web   |     2 |       ||     2
 Armour: Leather armour    |    15 |       ||    15
         Fire dragon scale |    31 |     9 ||    40
  Dodge: Dodged            |    46 |     3 ||    49

Table legend: (Time is in decaauts)
 A = Elapsed time spent in this place.
 B = Non-inter-level travel time spent in this place.
 C = Inter-level travel time spent in this place.
 D = Time resting spent in this place.
 E = Time spent auto-exploring this place.
 F = Levels seen in this place.
 G = Mean time per level.
                   A        B        C        D        E       F      G
               +--------+--------+--------+--------+--------+-----+--------+
         Total |   1317 |   1291 |     26 |    434 |    602 |   3 |  439.0 |
       Dungeon |   1317 |   1291 |     26 |    434 |    602 |   3 |  439.0 |
               +--------+--------+--------+--------+--------+-----+--------+

Top non-repeatable levels by time:
     D:1: 691 daAuts
     D:4: 533 daAuts
     D:2: 92 daAuts
